 Dungeon Crawl Stone Soup version 0.18.1-50-g88ac8fd (webtiles) character file.

12 Amnesiac the Shield-Bearer (level 2, -1/18 HPs)
             Began as a Deep Elf Fighter on Feb 28, 2018.
             Slain by a hobgoblin
             ... wielding a +0 club
              (3 damage)
             ... on level 1 of the Dungeon.
             The game lasted 00:00:26 (146 turns).

Amnesiac the Shield-Bearer (Deep Elf Fighter)        Turns: 146, Time: 00:00:28

Health: -1/18      AC:  6    Str: 13    XL:     2   Next: 20%
Magic:  4/4        EV:  7    Int: 12    God:
Gold:   26         SH:  8    Dex: 14    Spells: 0 memorised, 1 level left

rFire  . . .     SeeInvis .     a - +0 rapier
rCold  . . .     Gourm    .     b - +0 scale mail
rNeg   . . .     Faith    .     c - +0 shield
rPois  .         Spirit   .     (no helmet)
rElec  .         Dismiss  .     (no cloak)
rCorr  .         Reflect  .     (no gloves)
SustAt .         Harm     .     (no boots)
MR     .....                    (no amulet)
Stlth  ..........               (no ring)
                                (no ring)

@: not resistant to hostile enchantments, extremely unstealthy
A: no striking features
a: no special abilities


You were on level 1 of the Dungeon.
You were not hungry.

You visited 1 branch of the dungeon, and saw 1 of its levels.

You collected 26 gold pieces.

Inventory:

Hand Weapons
 a - a +0 rapier (weapon)
Armour
 b - a +0 scale mail (worn)
 c - a +0 shield (worn)
Scrolls
 e - a scroll of random uselessness {!r, unknown}
Potions
 d - a potion of might {!q}
Comestibles
 f - a bread ration


   Skills:
 - Level 2.4 Fighting
 - Level 2.0 Short Blades
 - Level 2.4 Armour
 + Level 2.3 Dodging
 - Level 2.4 Shields


You had one spell level left.
You didn't know any spells.

Dungeon Overview and Level Annotations

Branches:
Dungeon (1/15)

Altars:


Message History

You kill the kobold!
Your shield and scale mail prevent you from hitting the kobold.
The kobold is severely wounded.
You block the kobold's attack.
You hit the kobold.
You kill the kobold!
The rat barely misses you. You block the rat's attack.
You closely miss the hobgoblin.
The hobgoblin hits you but does no damage.
You block the hobgoblin's attack.
You hit the hobgoblin.
The hobgoblin is lightly wounded.
You hit the hobgoblin but do no damage. You barely miss the hobgoblin.
The hobgoblin hits you but does no damage.
The rat bites you. The hobgoblin hits you with a club.
You closely miss the rat. The rat bites you but does no damage.
You hit the rat but do no damage. You block the rat's attack.
You completely miss the rat. The rat barely misses you.
The rat bites you but does no damage.
You closely miss the rat. The rat barely misses you.
You hit the rat.
You kill the rat!
You block the hobgoblin's attack.
You closely miss the hobgoblin. You block the hobgoblin's attack.
You barely miss the hobgoblin. You block the hobgoblin's attack.
You hit the hobgoblin.
The hobgoblin is heavily wounded.
The hobgoblin hits you.
* * * LOW HITPOINT WARNING * * *
You hit the hobgoblin but do no damage.
The hobgoblin is heavily wounded.
You block the hobgoblin's attack. The hobgoblin hits you.
* * * LOW HITPOINT WARNING * * *
You closely miss the hobgoblin.
The hobgoblin is heavily wounded.
You block the hobgoblin's attack.
You hit the hobgoblin.
The hobgoblin is severely wounded.
The hobgoblin completely misses you.
You closely miss the hobgoblin.
The hobgoblin is severely wounded.
You block the hobgoblin's attack.
You closely miss the hobgoblin.
The hobgoblin is severely wounded.
You block the hobgoblin's attack.
The hobgoblin hits you but does no damage.
Your shield prevents you from hitting the hobgoblin.
The hobgoblin is severely wounded.
You block the hobgoblin's attack.
You barely miss the hobgoblin.
The hobgoblin is severely wounded.
You block the hobgoblin's attack.
You hit the hobgoblin but do no damage.
The hobgoblin is severely wounded.
The hobgoblin hits you.
* * * LOW HITPOINT WARNING * * *
You puncture the hobgoblin!
You kill the hobgoblin!
You barely miss the hobgoblin. The hobgoblin hits you with a club.
* * * LOW HITPOINT WARNING * * *
The hobgoblin hits you with a club.
You die...

... #.# .....# ...
## ..... .. .## .#
# #.#.. #.##...
.#..# #...
.#.##...... # .#..
....##......#..
#.# ##.#
#.......#$..
.##..# ...#
#.##...@#.###.....
.... .
......##g.....#.#
.### .#
####......#...#.##
.# ##.#
#......#.##.!.# .#
...
#...(##.g)....#
###.#
#....(...#....#
##..#
#.†...(..#...##
...#
##.###.##...##
...# #)# #.(....#


You could see a hobgoblin.

Vanquished Creatures
  2 giant geckos (D:1)
  A giant cockroach (D:1)
  2 goblins (D:1)
  A hobgoblin (D:1)
  2 kobolds (D:1)
  A rat (D:1)
9 creatures vanquished.

Notes
Turn   | Place    | Note
--------------------------------------------------------------
     0 | D:1      | Amnesiac the Deep Elf Fighter began the quest for the Orb.
     0 | D:1      | Reached XP level 1. HP: 13/13 MP: 3/3
    45 | D:1      | Reached skill level 1 in Dodging
    57 | D:1      | Reached XP level 2. HP: 12/18 MP: 4/4
   146 | D:1      | Slain by a hobgoblin

Skill      XL: |  1 |
---------------+----+-----
Dodging        | 2 |  2.3
Fighting       | |  2.4
Short Blades   | |  2.0
Armour         | |  2.4
Shields        | |  2.4

Action                   || total
-------------------------++-------
Melee: Rapier            ||    50
Armor: Scale mail        ||    12
Dodge: Dodged            ||    17
Block: Shield            ||    25
